 Dungeon Crawl Stone Soup version 0.28-a0-1080-g05a166d0ed (webtiles) character file.

Game seed: 5192826664808624108

237733 lunkers the Eclecticist (level 20, -1/157 HPs)
             Began as a Djinni Cinder Acolyte on Dec 9, 2021.
             Was a High Priest of Ignis.
             Slain by a bone dragon (7 damage)
             ... on level 3 of the Abyss.
             The game lasted 01:30:27 (31790 turns).

lunkers the Eclecticist (Djinni Cinder Acolyte)    Turns: 31790, Time: 01:30:28

Health: -1/157     AC: 16    Str: 11    XL:     20   Next: 1%
Gold:   1074       EV: 18    Int: 23    God:    Ignis [*****.] SH: 12 Dex: 11

rFire   + + +      SeeInvis .   a - +5 demon blade (flame)
rCold   x . .      Faith    .   J - +3 buckler
rNeg    . . .      Spirit   .   n - +4 troll leather armour {Snorg}
rPois   ∞          Reflect  +   M - +1 helmet of Claustrophobia {Regen+}
rElec   .          Harm     .   s - +2 cloak {Will+}
rCorr   .          Rampage  .   C - +2 pair of gloves
Will    +++..                   (boots unavailable)
Stlth   +.........              Q - amulet "Roodol" {Reflect rF++ SH+5}
HPRegen 1.96/turn               f - +4 ring of evasion
MPRegen 0.00/turn               k - +4 ring of evasion

@: about to teleport, flying
A: sickness immunity, fire resistance 2, cold vulnerability 1, float, innate
caster, hp casting, extra vitality 1, weak 1
}: 2/15 runes: decaying, serpentine
a: Renounce Religion, Fiery Armour, Foxfire Swarm


You were on level 3 of the Abyss.
You worshipped Ignis.
Ignis was extremely pleased with you.
You visited 6 branches of the dungeon, and saw 30 of its levels.
You visited the Abyss 1 time.
You visited 1 bazaar.
You also visited: Volcano.

You collected 4174 gold pieces.
You spent 3100 gold pieces at shops.

Inventory:

Hand Weapons
 a - a +5 demon blade of flaming (weapon)
Missiles
 O - 6 throwing nets
Armour
 c - a +0 kite shield of reflection
 i - a +2 helmet of intelligence
 n - a +4 troll leather armour (worn) {Snorg}
 s - a +2 cloak of willpower (worn)
 x - a +2 tower shield
 C - a +2 pair of gloves (worn)
 J - a +3 buckler (worn)
 M - the +1 helmet of Claustrophobia (worn) {Regen+}
   (You found it on level 13 of the Dungeon)

   Regen:     It increases your rate of health regeneration.
Magical Staves
 b - a staff of conjuration
Jewellery
 f - a +4 ring of evasion (left hand)
 k - a +4 ring of evasion (right hand)
 Q - the amulet "Roodol" (around neck) {Reflect rF++ SH+5}
   (You found it on level 11 of the Dungeon)

   [amulet of reflection]

   It reflects blocked missile attacks.
   rF:        It greatly protects you from fire.
   SH:        It affects your SH (+5).
 R - the ring "Unwu" {Ice rPois rCorr Str-5}
   (You took it off a centaur on level 11 of the Dungeon)

   [ring of ice]

   It enhances your ice magic.
   Str:       It affects your strength (-5).
   rF:        It makes you vulnerable to fire.
   rC:        It protects you from cold.
   rPois:     It protects you from poison.
   rCorr:     It protects you from acid and corrosion.
Wands
 d - a wand of charming (12)
 j - a wand of flame (53)
 p - a wand of iceblast (8)
 D - a wand of acid (28)
 E - a wand of paralysis (22)
 K - a wand of mindburst (6)
 P - a wand of polymorph (11)
Scrolls
 h - 3 scrolls of magic mapping
 l - 5 scrolls of teleportation
 o - 4 scrolls of fog
 r - 4 scrolls of enchant armour
 u - a scroll of summoning
 y - 3 scrolls of holy word
 F - 2 scrolls of identify
Potions
 e - 4 potions of heal wounds
 g - 4 potions of might
 m - 5 potions of ambrosia
 q - 2 potions of lignification
 t - 6 potions of berserk rage
 v - 4 potions of attraction
 w - 3 potions of mutation
 z - 7 potions of brilliance
 A - a potion of invisibility
 B - 18 potions of curing
 G - 3 potions of cancellation
 H - 8 potions of haste
 I - a potion of resistance


   Skills:
 + Level 18.1 Fighting
 - Level 2.6(9.4) Short Blades
 - Level 13.8(14.0) Long Blades
 - Level 4.0 Shields
 + Level 20.5 Spellcasting


You had 20 spell levels left.
You knew the following spells:

 Your Spells              Type           Power      Damage    Failure   Level
a - Magic Dart            Conj           100%       1d8       0%          1
b - Passwall              Tmut/Erth      72%        N/A       0%          2
c - Swiftness             Air            87%        N/A       0%          3
d - Flame Wave            Conj/Fire      87%        2d12      0%          4
e - Iskenderun's Mystic   Conj/Tloc      87%        2d17      0%          4
f - Iskenderun's Battles  Conj           87%        2d13      0%          5
g - Death Channel         Necr           43%        N/A       1%          6
h - Malign Gateway        Summ/Tloc      43%        N/A       1%          7
i - Conjure Ball Lightni  Conj/Air       43%        3x3d15    1%          6
p - Scorch                Fire           100%       2d10      0%          2
Your spell library was empty.

Dungeon Overview and Level Annotations

Branches:
Dungeon (13/15)            Temple (0/1) D:7            Lair (6/6) D:9
  Swamp (4/4) Lair:2        Snake (4/4) Lair:2        Slime (0/5) Lair:6
    Orc (2/2) D:11            Elf (0/3) Orc:2        Vaults (1/5) D:13
Volcano (visited)

Altars:
Ashenzari
Kikubaaqudgha
Qazlal
Vehumet
Beogh
Jiyva

Shops:
D:7 [   Orc:2 *[:[(:?[:   Snake:1 ?   Snake:3 :

Portals:
Trove: D:11 (give 7 potions of haste)

Annotations:
D:10 3 runed translucent doors, EPluribusUnum's ghost, novice DsFi; r3xj's ghost, journeyman MiBe
Lair:1 exclusion: oklob plant


Innate Abilities, Weirdness & Mutations

You are immune to sickness and miasma.
You are immune to poison.
Your flesh is very heat resistant. (rF++)
You are vulnerable to cold. (rC-)
You float through the air rather than walking.
You learn spells naturally, not from books.
Your magical power is your life essence.
You have superior vitality. (+4 HP)
You are weak. (Str -2)


Message History

Unknown command.
Casting: Iskenderun's Mystic Blast (safe; 0% risk of failure)
Confirm with . or Enter, or press ? or * to list all spells.
You erupt in a blast of force!
The mystic blast hits the bone dragon.
The bone dragon is moderately damaged.
* * * LOW HITPOINT WARNING * * *
A tarantella comes into view.
You block the bone dragon's attack. x2
The bone dragon tramples you but does no damage.
The neqoxec gestures at you.
Something tries to feed on your intellect!
Unknown command.
Casting: Iskenderun's Mystic Blast (safe; 0% risk of failure)
Confirm with . or Enter, or press ? or * to list all spells.
You erupt in a blast of force!
The mystic blast hits the tarantella!
The tarantella is heavily wounded.
The tarantella is knocked back by the mystic blast.
The tarantella collides with the neqoxec!
The neqoxec is severely wounded.
The tarantella is severely wounded.
The mystic blast hits the bone dragon.
The bone dragon is moderately damaged.
The bone dragon is knocked back by the mystic blast.
The bone dragon slams into the stone wall!
* * * LOW HITPOINT WARNING * * *
You hear an angry hiss.
The jumping spider leaps!
You block the bone dragon's attack. The bone dragon claws you!
* * * LOW HITPOINT WARNING * * *
The bone dragon tramples you!
* * * LOW HITPOINT WARNING * * *
You hold your ground!
Unknown command.
You feel much better. The wind drake flaps its wings at you.
The air twists around and strikes you.
* * * LOW HITPOINT WARNING * * *
You block the bone dragon's attack. The bone dragon claws you!
* * * LOW HITPOINT WARNING * * *
The bone dragon tramples you!
You die...

.♣♣ #..#.P #
..♣##.....
###.. #.....
#. #. . .#...#
.. ####....
#.# .#
.∩........# .#
... ..§.#.#.#
. .....###s.k#
......#@D##..#
#...
..###.s..# .§
... ##..°.# ..
. # ##.. 3 .
.. ... .. ..
#.


You could see a bone dragon, a wind drake (repels missiles), a jumping spider
and a tarantella.

Vanquished Creatures
  Kirke (Snake:3)
  2 nagarajas
  Aizul (Snake:4)
  An eleionoma (Swamp:2)
  2 bunyips
  Snorg (Lair:3)
  Josephine (Orc:1)
  2 shambling mangroves (Swamp:4)
  2 fire dragons
  Erolcha (Orc:2)
  2 naga warriors
  A boulder beetle (Lair:5)
  26 hydras
  A rakshasa (D:13)
  A catoblepas (Lair:6)
  A spriggan air mage (Swamp:4)
  A centaur warrior (D:11)
  A vault guard (D:13)
  10 anacondas
  An ogre mage (Orc:2)
  2 two-headed ogres
  Erica (D:10)
  A deep troll shaman (Lair:6)
  5 alligators
  A tengu warrior (D:13)
  2 hell hogs (Abyss:3)
  10 death yaks
  A thrashing horror (Abyss:3)
  Urug (D:10)
  6 naga sharpshooters
  10 shock serpents
  Sonja (D:10)
  5 spriggans
  Nergalle (D:12)
  A spriggan berserker (Swamp:4)
  A wretched star (Abyss:3)
  6 bog bodies
  2 spriggan druids
  A death drake (Swamp:3)
  2 spatial maelstroms (Abyss:3)
  A goliath frog (Swamp:4)
  10 swamp dragons
  Pikel (D:6)
  4 naga ritualists
  2 lindwurms
  11 mana vipers
  A mana viper (shapeshifter) (D:11)
  An ugly thing (D:12)
  5 salamanders
  10 orc sorcerers
  A wolf spider (Lair:5)
  2 manticores
  2 will-o-the-wisps (Swamp:1)
  5 cyclopes
  Joseph (D:9)
  3 guardian serpents
  5 naga magi
  An orange demon (Abyss:3)
  9 elephants
  A smoke demon (Abyss:3)
  27 black mambas
  A gargoyle (D:12)
  A cane toad (shapeshifter) (D:11)
  3 cane toads
  9 komodo dragons
  A rime drake (Lair:5)
  An ancient zyme (Abyss:3)
  9 trolls
  A bloated husk (Swamp:2)
  A harpy zombie (Abyss:3)
  5 tyrant leeches
  9 hornets
  2 polar bears
  5 blink frogs (Lair:2)
  5 slime creatures (D:12)
  A raiju (Abyss:3)
  A dream sheep (Lair:5)
  A vampire (D:12)
  2 shadows
  4 wraiths
  4 wyverns
  4 humans (D:13)
  6 basilisks
  36 yaks
  10 vampire mosquitoes
  A golden eye (Abyss:3)
  2 steam dragons
  6 hogs (Snake:3)
  4 fire bats (Volcano)
  Grum (D:11)
  14 water moccasins
  3 wargs (Orc:2)
  18 nagas
  11 swamp worms
  2 hell hounds (Volcano)
  An acid dragon (D:9)
  A cane toad zombie (D:9)
  An ice beast (D:7)
  11 swamp drakes
  10 orc warriors
  3 sky beasts
  A starcursed mass (Abyss:3)
  7 ogres
  A hornet zombie (D:9)
  4 black bears
  5 centaurs
  12 wolves
  4 lemures (D:6)
  11 bullfrogs
  A gnoll sergeant (Orc:1)
  10 killer bees
  3 howler monkeys
  5 electric eels
  A jelly (D:8)
  2 bullfrog skeletons
  5 centaur zombies
  2 gnoll shamans
  A centaur skeleton (D:7)
  Crazy Yiuf (D:2)
  7 hounds
  5 orc priests
  4 iguanas
  24 orc wizards
  A hound skeleton (D:5)
  16 gnolls
  5 adders
  3 shadow imps
  4 white imps
  An ufetubus (D:5)
  A worm (D:4)
  2 dart slugs
  47 orcs
  9 bats
  5 endoplasms
  3 giant cockroaches
  14 goblins
  5 hobgoblins
  5 jackals
  9 kobolds
  2 quokkas
  8 ball pythons
  5 rats
694 creatures vanquished.

Vanquished Creatures (collateral kills)
  Vashnia (Snake:4)
  Nikola (Swamp:2)
  2 tentacled monstrosities
  Donald (Swamp:4)
  Roxanne (Swamp:2)
  5 nagarajas (Snake:4)
  3 eleionomae
  4 bunyips
  3 hydras
  A salamander tyrant (Snake:4)
  11 naga warriors
  A boulder beetle (D:13)
  6 anacondas
  5 alligators
  2 thrashing horrors (Abyss:3)
  3 shock serpents
  7 naga sharpshooters (Snake:4)
  4 salamander mystics
  4 goliath frogs
  5 bog bodies
  A spriggan druid (Swamp:1)
  5 swamp dragons
  5 naga ritualists
  5 mana vipers
  An ugly thing (D:13)
  5 salamanders
  3 will-o-the-wisps
  A manticore (D:12)
  A worldbinder (Abyss:3)
  9 naga magi
  13 black mambas
  A cane toad (Lair:6)
  An ancient zyme (Abyss:3)
  A bloated husk (Swamp:4)
  3 tyrant leeches
  An iron dragon simulacrum (Abyss:3)
  A shapeshifter (Snake:4)
  2 yaks (Lair:3)
  6 humans (D:13)
  3 vampire mosquitoes (Swamp:3)
  3 swamp worms
  23 nagas
  A swamp drake (Swamp:4)
  5 starcursed masses (Abyss:3)
170 creatures vanquished.

Vanquished Creatures (others)
  86 eldritch tentacles
  An anaconda (Snake:2)
  2 naga sharpshooters (Snake:4)
  A swamp dragon (Swamp:4)
  2 black mambas (Snake:2)
  2 bloated husks
  A human (D:13)
  A naga (Snake:2)
  A swamp worm (Swamp:4)
  27 foxfires
  8 fungi
  26 plants
158 creatures vanquished.

Grand Total: 1022 creatures vanquished

Notes
Turn   | Place    | Note
-------+----------+-------------------------------------------
     0 | D:1      | lunkers the Djinni Cinder Acolyte began the quest for the
                  | Orb.
     0 | D:1      | Reached XP level 1. HP: 20/20 MP: 0/0
    22 | D:1      | Found a faded altar of an unknown god.
   465 | D:1      | Reached XP level 2. HP: 18/25 MP: 0/0
  1008 | D:2      | Found a runed translucent door.
  1009 | D:2      | Noticed Crazy Yiuf
  1066 | D:2      | Reached skill level 3 in Spellcasting
  1066 | D:2      | Reached XP level 3. HP: 29/30 MP: 0/0
  1066 | D:2      | Learned a level 1 spell: Magic Dart
  1830 | D:2      | Killed Crazy Yiuf
  1831 | D:2      | Reached XP level 4. HP: 17/35 MP: 0/0
  2692 | D:3      | Reached XP level 5. HP: 36/40 MP: 0/0
  2692 | D:3      | Learned a level 2 spell: Passwall
  2979 | D:3      | Reached skill level 4 in Spellcasting
  3936 | D:4      | Noticed a hornet
  3944 | D:4      | Killed a hornet
  3945 | D:4      | Reached skill level 5 in Spellcasting
  3945 | D:4      | Reached XP level 6. HP: 32/47 MP: 0/0
  3945 | D:4      | Reached XP level 7. HP: 34/51 MP: 0/0
  3945 | D:4      | Learned a level 3 spell: Swiftness
  3945 | D:4      | Reached skill level 9 in Spellcasting
  3945 | D:4      | Reached XP level 8. HP: 45/66 MP: 0/0
  4218 | D:5      | Entered Level 5 of the Dungeon
  4405 | D:5      | Reached skill level 10 in Spellcasting
  5206 | D:5      | Reached XP level 9. HP: 65/71 MP: 0/0
  5206 | D:5      | Learned a level 4 spell: Flame Wave
  5730 | D:6      | Noticed Pikel
  5741 | D:6      | Killed Pikel
  6570 | D:6      | Reached skill level 11 in Spellcasting
  6788 | D:7      | Found a stormy altar of Qazlal.
  6800 | D:7      | Found a staircase to the Ecumenical Temple.
  6880 | D:7      | Found Maupirph's Antique Armour Shop.
  6888 | D:7      | Bought a pair of faintly glowing gloves for 285 gold pieces
  6888 | D:7      | Identified the +0 pair of gloves of Debloh {Will- Str+4
                  | Dex+7} (You bought it in a shop on level 7 of the Dungeon)
  7076 | D:7      | Reached XP level 10. HP: 64/77 MP: 0/0
  8259 | D:7      | Bought a runed buckler for 225 gold pieces
  8474 | D:9      | Noticed Joseph
  8482 | D:9      | Killed Joseph
  8966 | D:9      | Reached skill level 12 in Spellcasting
  9449 | D:9      | Found a staircase to the Lair.
  9515 | D:9      | Reached XP level 11. HP: 65/82 MP: 0/0
  9515 | D:9      | Learned a level 4 spell: Iskenderun's Mystic Blast
  9936 | D:10     | Entered Level 10 of the Dungeon
 10098 | D:10     | Found a runed translucent gate.
 10098 | D:10     | Found a runed translucent gate.
 10098 | D:10     | Found a runed translucent gate.
 10101 | D:10     | Noticed EPluribusUnum's ghost (novice DsFi)
 10101 | D:10     | Noticed r3xj's ghost (journeyman MiBe)
 10233 | D:10     | Identified the +1 chain mail of the Apprentice {Rampage rF-
                  | rN++ SInv}
 10265 | D:10     | Noticed Urug
 10271 | D:10     | Killed Urug
 10513 | D:10     | Noticed Sonja
 10518 | D:10     | Killed Sonja
 10519 | D:10     | Reached skill level 13 in Spellcasting
 10635 | D:10     | Noticed Erica
 10641 | D:10     | Killed Erica
 10873 | D:11     | Noticed Grum
 10884 | D:11     | Noticed a four-headed hydra
 10885 | D:11     | Noticed a two-headed ogre
 10888 | D:11     | Killed Grum
 10894 | D:11     | Killed a four-headed hydra
 10939 | D:11     | Found a portal to a secret trove of treasure.
 10939 | D:11     | Noticed a cyclops
 10988 | D:11     | Killed a cyclops
 10989 | D:11     | Reached XP level 12. HP: 80/88 MP: 0/0
 10996 | D:11     | Killed a two-headed ogre
 10997 | D:11     | Reached skill level 14 in Spellcasting
 11078 | D:11     | Identified the ring "Unwu" {Ice rPois rCorr Str-5}
 11179 | D:11     | Reached skill level 1 in Shields
 11220 | D:11     | Noticed a fire dragon
 11226 | D:11     | Noticed a centaur warrior
 11234 | D:11     | Killed a fire dragon
 11236 | D:11     | Killed a centaur warrior
 11272 | D:11     | Noticed a six-headed hydra
 11277 | D:11     | Killed a six-headed hydra
 11410 | D:11     | Identified the amulet "Roodol" {Reflect rF++ SH+5}
 11446 | D:11     | Noticed an eight-headed hydra
 11455 | D:11     | Killed an eight-headed hydra
 11642 | D:11     | Found a staircase to the Orcish Mines.
 11734 | D:12     | Noticed a six-headed hydra
 11744 | D:12     | Killed a six-headed hydra
 11748 | D:12     | Reached XP level 13. HP: 65/94 MP: 0/0
 11748 | D:12     | Learned a level 5 spell: Iskenderun's Battlesphere
 11895 | D:12     | Noticed Nergalle
 12042 | Lair:1   | Entered Level 1 of the Lair of Beasts
 12079 | Lair:1   | Reached skill level 15 in Spellcasting
 12143 | Lair:1   | Reached skill level 10 in Fighting
 12287 | Lair:1   | Noticed an eight-headed hydra
 12292 | Lair:1   | Killed an eight-headed hydra
 12931 | Lair:2   | Noticed an eight-headed hydra
 12931 | Lair:2   | Noticed a five-headed hydra
 12936 | Lair:2   | Killed an eight-headed hydra
 12939 | Lair:2   | Killed a five-headed hydra
 13007 | Lair:2   | Found a dark tunnel.
 13015 | Volcano  | Entered a volcano
 13127 | Volcano  | Noticed a fire dragon
 13136 | Volcano  | Killed a fire dragon
 13481 | Lair:2   | Found a staircase to the Swamp.
 13741 | Lair:2   | Found a staircase to the Snake Pit.
 14214 | Lair:3   | Noticed a seven-headed hydra
 14220 | Lair:3   | Killed a seven-headed hydra
 14286 | Lair:3   | Noticed a five-headed hydra
 14291 | Lair:3   | Killed a five-headed hydra
 14292 | Lair:3   | Reached XP level 14. HP: 92/105 MP: 0/0
 14319 | Lair:3   | Reached skill level 16 in Spellcasting
 14319 | Lair:3   | Reached XP level 15. HP: 112/112 MP: 0/0
 14319 | Lair:3   | Learned a level 6 spell: Death Channel
 14378 | Lair:3   | Noticed Snorg
 14487 | Lair:3   | Killed Snorg
 15221 | Lair:4   | You are sucked into a shaft and drop 1 floor!
 16363 | Lair:5   | Reached skill level 17 in Spellcasting
 16500 | Lair:6   | Entered Level 6 of the Lair of Beasts
 16883 | Lair:6   | Identified the +5 dagger of Qamol {freeze, rC+ rCorr
                  | Stlth-}
 17434 | Lair:6   | Found a viscous altar of Jiyva.
 17435 | Lair:6   | Found a staircase to the Slime Pits.
 17817 | Orc:1    | Entered Level 1 of the Orcish Mines
 17851 | Orc:1    | Noticed Josephine
 17877 | Orc:1    | Killed Josephine
 17880 | Orc:1    | Reached XP level 16. HP: 38/107 MP: 0/0
 18381 | Orc:2    | Entered Level 2 of the Orcish Mines
 18381 | Orc:2    | Found Ussuprau's Book Shoppe.
 18389 | Orc:2    | Found a staircase to the Elven Halls.
 18395 | Orc:2    | Found Bips's Armour Emporium.
 18530 | Orc:2    | Found Gaikulel's Antique Armour Shop.
 18645 | Orc:2    | Found Hoah's Book Shoppe.
 18821 | Orc:2    | Found Zotueroe's Magic Scroll Shoppe.
 18854 | Orc:2    | Found Kuhaec Mest's Antique Weapon Emporium.
 18924 | Orc:2    | Found Fothrimup's Book Emporium.
 18935 | Orc:2    | Noticed Erolcha
 18943 | Orc:2    | Killed Erolcha
 19045 | Orc:2    | Found Nurghimigh's Antique Armour Shoppe.
 19057 | Orc:2    | Reached skill level 18 in Spellcasting
 19082 | Orc:2    | Bought a glowing hat for 168 gold pieces
 19241 | Orc:2    | Found Tealuc's Assorted Antiques.
 19461 | Orc:2    | Bought a thick robe for 210 gold pieces
 19461 | Orc:2    | Identified the +3 robe of Fallacy {*Slow rN+ Int+9} (You
                  | bought it in a shop on level 2 of the Orcish Mines)
 19692 | Snake:1  | Entered Level 1 of the Snake Pit
 19935 | Snake:1  | Found Cuohaops's Magic Scroll Shop.
 19947 | Snake:1  | Bought a scroll of acquirement for 728 gold pieces
 19948 | Snake:1  | Acquired 951 gold pieces
 20801 | Snake:2  | Noticed a nagaraja
 20807 | Snake:2  | Killed a nagaraja
 21038 | Snake:2  | Found a flickering gateway to a bazaar.
 21049 | Bazaar   | Entered a bazaar
 21063 | Bazaar   | Found Camishra's Weapon Emporium.
 21063 | Bazaar   | Found Wofiog's Armour Shoppe.
 21087 | Bazaar   | Found Rinuj's Antique Armour Emporium.
 21087 | Bazaar   | Found Keykocs's Distillery.
 21116 | Bazaar   | Found Fybliggeri's Book Emporium.
 21116 | Bazaar   | Found Zayphaka's Antique Weapon Shoppe.
 21136 | Bazaar   | Found Hemmoidi's Book Emporium.
 21203 | Bazaar   | Bought a potion of curing for 39 gold pieces
 21203 | Bazaar   | Bought a potion of heal wounds for 65 gold pieces
 21203 | Bazaar   | Bought a potion of haste for 130 gold pieces
 21203 | Bazaar   | Bought a potion of haste for 130 gold pieces
 21290 | Snake:2  | Reached XP level 17. HP: 91/130 MP: 0/0
 21290 | Snake:2  | Learned a level 7 spell: Malign Gateway
 21517 | Snake:2  | Reached skill level 19 in Spellcasting
 21525 | Snake:2  | Identified the +1 ring mail of the Boiling Point {*Slow
                  | Int+6}
 21974 | Orc:2    | Bought a manual of Long Blades for 1120 gold pieces
 22426 | Snake:3  | Reached skill level 15 in Fighting
 22531 | Snake:3  | Reached skill level 1 in Long Blades
 22809 | Snake:3  | Noticed Kirke
 22837 | Snake:3  | Killed Kirke
 22976 | Snake:3  | Reached skill level 5 in Long Blades
 23147 | Snake:3  | Found Fijua's Book Shoppe.
 23347 | Snake:4  | Entered Level 4 of the Snake Pit
 23857 | Snake:4  | Reached XP level 18. HP: 131/139 MP: 0/0
 23997 | Snake:4  | Noticed Aizul
 24022 | Snake:4  | Reached skill level 10 in Long Blades
 24025 | Snake:4  | Killed Aizul
 24570 | Snake:4  | Found a broken altar of Ashenzari.
 24588 | Snake:4  | Noticed Vashnia
 24919 | Snake:4  | Killed Vashnia
 25304 | Snake:4  | Got a serpentine rune of Zot
 25854 | Swamp:1  | Entered Level 1 of the Swamp
 26113 | Swamp:1  | Noticed a tentacled monstrosity
 26123 | Swamp:1  | Killed a tentacled monstrosity
 26804 | Swamp:2  | Noticed Nikola
 26810 | Swamp:2  | Killed Nikola
 27181 | Swamp:2  | Noticed Roxanne
 27457 | Swamp:2  | Killed Roxanne
 27698 | Swamp:3  | Reached XP level 19. HP: 80/147 MP: 0/0
 27698 | Swamp:3  | Learned a level 6 spell: Conjure Ball Lightning
 28226 | Swamp:4  | Entered Level 4 of the Swamp
 28230 | Swamp:4  | Reached skill level 20 in Spellcasting
 28232 | Swamp:4  | Noticed Donald
 28232 | Swamp:4  | Noticed a tentacled monstrosity
 28314 | Swamp:4  | Killed Donald
 28323 | Swamp:3  | Killed a tentacled monstrosity
 29542 | Swamp:4  | Got a decaying rune of Zot
 30169 | D:12     | Killed Nergalle
 31397 | D:13     | Found a gate to the Vaults.
 31450 | D:13     | Identified the +1 helmet of Claustrophobia {Regen+}
 31582 | Vaults:1 | Entered Level 1 of the Vaults
 31593 | Vaults:1 | Cast into level 3 of the Abyss (a wizard)
 31643 | Abyss:3  | Paralysed by accursed screaming for 1 turns
 31647 | Abyss:3  | Noticed a bone dragon
 31715 | Abyss:3  | Found a corrupted altar of Lugonu.
 31767 | Abyss:3  | Noticed a bone dragon
 31768 | Abyss:3  | Gained mutation: You are weak. (Str -2) [a neqoxec]
 31773 | Abyss:3  | Reached XP level 20. HP: 26/157 MP: 0/0
 31789 | Abyss:3  | HP: 3/157 [bone dragon (8)]
 31790 | Abyss:3  | Slain by a bone dragon

Illustrated notes

Levels and vault maps discovered:
D:1:      psy_arrival_whirlpool, layout_basic, hellmonk_ecumenical_altar_run_dry
D:2:      layout_basic, lemuel_old_faithful, uniq_crazy_yiuf_cottage
D:3:      kennysheep_the_goblin_king, layout_rooms, minmay_checkerbox
D:4:      layout_gridville
D:5:      layout_loops_ring, nrook_uturn, minmay_pentangle
D:6:      layout_loops_ring, serial_bayou_lagoon_a, uniq_pikel
D:7:      layout_cave_pools, nicolae_qazlal_general_emergency,
          minmay_temple_entry_mini_moons, serial_shops, shop,
          hangedman_abyss_or_decor_stabs, minmay_diced_spiral
D:8:      layout_gridville
D:9:      layout_basic, erik_lair_island, uniq_joseph
D:10:     layout_roguey, serial_rivers, chequers_serial_rivers_large_a,
          chequers_serial_rivers_room_a, chequers_serial_rivers_micro_a,
          chequers_serial_rivers_small_b, chequers_serial_rivers_room_b,
          chequers_serial_rivers_small_b, gammafunk_ghost_cemetery,
          ebering_dispersal_statue_hall, uniq_erica, uniq_urug, uniq_sonja
D:11:     minmay_the_grid_3x2 [minmay_the_grid_paths, minmay_the_grid_dragon_a,
          minmay_the_grid_small_cups, minmay_the_grid_aliased_spiral,
          minmay_the_grid_garden, minmay_the_grid_prize_four_corners_diamond_a],
          layout_rooms, orc_0_dummy, enter_trove_1, uniq_grum
D:12:     nrook_guardian_serpent_snake_passage, layout_rooms, uniq_nergalle
D:13:     layout_roguey, ximxim_vaults_locker_room
Lair:1:   layout_regular_city, roderic_batcave, minmay_lair_oklob_items
Lair:2:   layout_regular_city, minmay_swamp_entry_eels,
          guppyfry_snake_entry_garden, lightli_volcano_entry_magma_tube
Lair:3:   layout_cellular_growth, uniq_snorg
Lair:4:   layout_gridlike
Lair:5:   nzn_winding_woodlands_cross [nzn_winding_woodlands_5x15_cabin,
          nzn_winding_woodlands_5x15_twine,
          nzn_winding_woodlands_5x15_pathside_ponds,
          nzn_winding_woodlands_5x15_sidewinder,
          nzn_winding_woodlands_15x15_boxy_spiral], layout_hall_layers,
          chequers_serial_rivers_small_b, serial_bayou_shore_a
Lair:6:   grunt_lair_end_beastmaster, layout_hall_layers,
          dpeg_slime_entry_enclosed_altar, chequers_serial_rivers_room_a
Swamp:1:  layout_basic_swamp, hangedman_swamp_cone, swamp_pool1,
          infiniplex_staircase_pool
Swamp:2:  layout_basic_swamp, evilmike_swamp_ruin_house_3, uniq_nikola,
          uniq_roxanne
Swamp:3:  layout_basic_swamp, nicolae_swamp_trees_clearing, swamp_pool1
Swamp:4:  swamp_basic_johnstein, layout_basic_swamp, uniq_donald
Snake:1:  layout_basic, serial_shops, shop
Snake:2:  layout_onion_interference, serial_shops, freezing_bzr
Snake:3:  layout_honeycomb, serial_shops, nicolae_shop_waterfront, uniq_kirke
Snake:4:  minmay_snake_end_coiled, layout_rooms, basic_altar, uniq_vashnia,
          uniq_aizul
Orc:1:    layout_caves, uniq_josephine
Orc:2:    kennysheep_orc_mage_school, layout_caves, serial_shops,
          nicolae_shop_trees, nicolae_shop_hallway_stairs, nicolae_diamond_shop,
          nicolae_shop_advertising_works [nicolae_subvault_shop_adworks],
          shop_statue
Vaults:1: st_squares, v_rooms_3, ontoclasm_vaults_fault, hangedman_vaults_pinch,
          nicolae_vaults_border_crossing, v_misc_10, ontoclasm_vaults_pinch,
          vaults_mumra_hex, v_rooms_2, vaults_dpeg_doors,
          ontoclasm_vaults_gateway, layout_vaults_omnicross, serial_shops,
          nicolae_shop_stone
Abyss:3:  base: D:4, hangedman_decor_points,
          evilmike_nicolae_abyss_rune_betentacled_crabyss,
          hangedman_decor_lopped, due_evilmike_abyss_rune_seething_liches,
          hangedman_abyss_theft, evilmike_nicolae_abyss_rune_containment_curve

Skill      XL: |  1  2  3  4  5  6  7  8  9 10 11 12 13 14 15 16 17 18 19 |
---------------+----------------------------------------------------------+-----
Spellcasting   | 3 5 9 10 11 12 13 14 15 16 17 18 19 20 | 20.5
Fighting       | 8 9 11 13 14 15 16 18 | 18.1
Shields        | 4 |  4.0
Long Blades    | 9 12 13 | 13.8
Short Blades   | |  2.6

Action                   |  1- 3 |  4- 6 |  7- 9 | 10-12 | 13-15 | 16-18 | 19-21 || total
-------------------------+-------+-------+-------+-------+-------+-------+-------++-------
Melee: Short sword       |    38 |       |       |       |       |       |       ||    38
       Quarterstaff      |       |       |     4 |       |       |       |       ||     4
       Staff             |       |       |       |       |     6 |     2 |       ||     8
       Demon blade       |       |       |       |       |       |    99 |    89 ||   188
 Cast: Magic Dart        |    14 |    99 |     7 |    17 |   201 |   156 |   103 ||   597
       Scorch            |     4 |    33 |    80 |   114 |    24 |     6 |    21 ||   282
       Flame Wave        |       |       |    12 |    20 |       |       |       ||    32
       Iskenderun's Myst |       |       |       |    71 |   140 |   207 |   105 ||   523
       Iskenderun's Batt |       |       |       |       |    54 |    47 |    23 ||   124
       Death Channel     |       |       |       |       |     3 |    16 |     2 ||    21
       Malign Gateway    |       |       |       |       |       |    64 |    24 ||    88
Invok: Rising Flame      |       |       |       |       |       |     1 |       ||     1
Evoke: Wand              |       |       |       |     3 |       |       |       ||     3
  Use: Scroll            |       |     5 |    14 |     6 |     5 |    11 |     7 ||    48
       Potion            |       |       |     1 |       |     1 |     1 |     3 ||     6
 Stab: Distracted        |       |       |       |       |       |     3 |       ||     3
Armor: Robe              |     5 |     4 |    10 |     3 |       |       |       ||    22
       Troll leather arm |       |       |       |    20 |    32 |    80 |    67 ||   199
       Acid dragon scale |       |       |       |     1 |       |       |       ||     1
Dodge: Dodged            |    23 |    31 |    63 |   100 |    64 |   268 |   147 ||   696
Block: Buckler           |       |       |       |    12 |    65 |   238 |   124 ||   439
       Reflection        |       |       |       |       |       |    51 |     6 ||    57

Table legend: (Time is in decaauts)
 A = Elapsed time spent in this place.
 B = Non-inter-level travel time spent in this place.
 C = Inter-level travel time spent in this place.
 D = Time resting spent in this place.
 E = Time spent auto-exploring this place.
 F = Levels seen in this place.
 G = Mean time per level.
                   A        B        C        D        E       F      G
               +--------+--------+--------+--------+--------+-----+--------+
         Total |  31806 |  28852 |   2954 |   1673 |  20488 |  33 |  963.8 |
       Dungeon |  14198 |  12847 |   1351 |    652 |  10291 |  13 | 1092.2 |
          Lair |   5803 |   5288 |    515 |     57 |   4424 |   6 |  967.2 |
         Swamp |   3776 |   3678 |     98 |    567 |   1801 |   4 |  944.0 |
     Snake Pit |   5652 |   4927 |    725 |    395 |   2705 |   4 | 1413.0 |
  Orcish Mines |   1812 |   1550 |    262 |      0 |   1144 |   2 |  906.0 |
        Vaults |     10 |     10 |      0 |      0 |      7 |   1 |   10.0 |
         Abyss |    193 |    193 |      0 |      2 |     36 |   1 |  193.0 |
        Bazaar |    200 |    200 |      0 |      0 |     59 |   1 |  200.0 |
       Volcano |    159 |    159 |      0 |      0 |     21 |   1 |  159.0 |
               +--------+--------+--------+--------+--------+-----+--------+

Top non-repeatable levels by time:
     D:9: 2106 daAuts
 Snake:4: 2048 daAuts
     D:5: 1506 daAuts
 Snake:3: 1502 daAuts
 Swamp:3: 1381 daAuts
 Snake:1: 1377 daAuts
     D:2: 1375 daAuts
  Lair:5: 1303 daAuts
   Orc:2: 1283 daAuts
    D:10: 1171 daAuts
  Lair:2: 1143 daAuts
  Lair:6: 1139 daAuts
     D:3: 1034 daAuts
  Lair:1: 988 daAuts
     D:6: 983 daAuts
